 Dungeon Crawl Stone Soup version 0.29-a0-11-ga75d3d97ab (webtiles) character file.

Game seed: 8268265133015223018

3474 enile the Fighter (level 9, -3/85 HPs)
             Began as a Minotaur Wanderer on Jan 29, 2022.
             Was a Priest of the Shining One.
             Slain by a gnoll sergeant (13 damage)
             ... in a bailey.
             The game lasted 00:15:50 (9881 turns).

enile the Fighter (Minotaur Wanderer)               Turns: 9881, Time: 00:15:50

Health: -3/85      AC: 18    Str: 20    XL:     9   Next: 79%
Magic:  11/11      EV:  7    Int:  9    God:    the Shining One [***...]
Gold:   274        SH:  0    Dex: 11    Spells: 9/10 levels left

rFire   . . .      SeeInvis .   I - +1 flail (protect)
rCold   + . .      Faith    .   (no shield)
rNeg    + . .      Spirit   .   Q - +0 chain mail
rPois   .          Reflect  .   (helmet restricted)
rElec   .          Harm     .   s - +0 cloak
rCorr   .          Rampage  .   (no gloves)
Will    .....                   (no boots)
Stlth   ..........              (no amulet)
HPRegen 0.24/turn               j - ring of protection from cold
MPRegen 0.12/turn               (no ring)

@: under a protective aura, glowing
A: horns 2, retaliatory headbutt
a: Renounce Religion, Divine Shield, Cleansing Flame


You were in a bailey.
You worshipped the Shining One.
The Shining One was most pleased with you.
You visited 1 branch of the dungeon, and saw 8 of its levels.
You also visited: Bailey.

You collected 328 gold pieces.
You spent 54 gold pieces at shops.

Inventory:

Hand Weapons
 a - a +0 hand crossbow
 d - a +2 great sword
 f - a +0 flail
 h - a +0 whip
 i - a +0 club
 k - a +0 great mace
 o - a +3 whip of freezing
 u - a +0 scythe
 F - a +4 flail
 I - a +1 flail of protection (weapon)
 N - a +2 quarterstaff of speed
Missiles
 b - 49 bolts
 l - 3 atropa-tipped darts
 L - a silver javelin
Armour
 c - a +0 ring mail
 m - a +0 chain mail
 s - a +0 cloak (worn)
 J - a +1 leather armour of poison resistance
 Q - a +0 chain mail (worn)
Jewellery
 j - a ring of protection from cold (left hand)
 q - a ring of wizardry
 E - a ring of fire
Wands
 G - a wand of iceblast (5) (quivered)
 R - a wand of flame (8)
Scrolls
 e - a scroll of teleportation
 n - 2 scrolls of noise {unknown}
 p - a scroll of enchant weapon {unknown}
 r - a scroll of fog {unknown}
 t - 2 scrolls of vulnerability {unknown}
 v - a scroll of silence {unknown}
 y - 9 scrolls of identify {unknown}
 z - a scroll of acquirement {unknown}
 B - a scroll of amnesia {unknown}
 D - 2 scrolls of immolation {unknown}
 K - a scroll of blinking {unknown}
Potions
 g - 3 potions of degeneration
 w - a potion of magic {unknown}
 x - 3 potions of haste {unknown}
 A - 2 potions of attraction {unknown}
 C - 2 potions of flight {unknown}
 H - 2 potions of berserk rage {unknown}
 M - 2 potions of heal wounds {unknown}
 O - a potion of brilliance
 P - a potion of curing
 S - a potion of lignification


   Skills:
 - Level 10.0 Fighting
 - Level 6.0 Maces & Flails
 - Level 2.4 Crossbows
 + Level 5.5 Throwing
 - Level 6.0 Armour
 - Level 3.0 Stealth
 - Level 1.1 Spellcasting
 - Level 4.2 Transmutations
 - Level 5.0 Invocations


You had 9 spell levels left.
You knew the following spells:

 Your Spells              Type           Power      Damage    Failure   Level
a - Sting                 Tmut/Pois      16%        1d3       80%         1

Your spell library contained the following spells:

 Spells                   Type           Power      Damage    Failure   Level
 Wereblood                Tmut           8%         N/A       65%         2
 Foxfire                  Conj/Fire      0%         2x1d4     97%         1
 Conjure Flame            Conj/Fire      0%         6-21      100%        3
 Dazzling Flash           Conj/Hex       0%         N/A       100%        3
 Inner Flame              Hex/Fire       0%         N/A       100%        3
 Animate Dead             Necr           0%         N/A       100%        4
 Flame Wave               Conj/Fire      0%         2d4       100%        4
 Fulminant Prism          Conj/Hex       0%         3d6       100%        4
 Hailstorm                Conj/Ice       0%         3d3       100%        4
 Petrify                  Tmut/Erth      4%         N/A       100%        4
 Borgnjor's Vile Clutch   Necr/Erth      0%         N/A       100%        5
 Death Channel            Necr           0%         N/A       100%        6
 Iron Shot                Conj/Erth      0%         9d1       100%        6


Dungeon Overview and Level Annotations

Branches:
Dungeon (8/15)             Temple (0/1) D:5          Bailey (1/1)
   Lair: D:8-11

Altars:
Ashenzari
Dithmenos
Gozag
Hepliaklqana
Makhleb
Okawaru
Vehumet
Wu Jian
Xom
The Shining One

Shops:
D:5 [


Innate Abilities, Weirdness & Mutations

You have a pair of horns on your head.
You reflexively headbutt those who attack you in melee.


Message History

Aiming: Iceblast
Press: ? - help, Q - select action, (/) - cycle Shift-Dir - straight line, f/p - gnoll sergeant
Aim: a gnoll sergeant, wielding a +0 glaive and wearing a +0 chain mail (heavily wounded, fast, haloed)
The mass of ice explodes!
The iceblast engulfs the gnoll sergeant!
You kill the gnoll sergeant!
The iceblast engulfs the gnoll shaman!
You kill the gnoll shaman!
The Shining One accepts your kill.
You feel better.
You hear a shout! x2; You hear a howl!
Things that are here:
a +0 spear; a +0 ring mail A gnoll sergeant comes into view.
It is wielding a +0 glaive.
Items here: ( ) [ †.
Things that are here:
a +0 glaive; a +0 chain mail; 2 atropa-tipped darts The gnoll sergeant hits you from afar with a +0 glaive!
Items here: ( ) [ †.
l - 3 atropa-tipped darts The gnoll sergeant hits you from afar with a +0 glaive.
The gnoll sergeant hits you with a +0 glaive!
* * * LOW HITPOINT WARNING * * *
You hit the gnoll sergeant.
Your weapon exudes an aura of protection.
You headbutt the gnoll sergeant!
The gnoll sergeant is heavily wounded.
The gnoll sergeant hits you with a +0 glaive.
* * * LOW HITPOINT WARNING * * *
You hit the gnoll sergeant.
The gnoll sergeant is heavily wounded.
The gnoll sergeant hits you but does no damage.
You hit the gnoll sergeant.
The gnoll sergeant is severely wounded.
The gnoll sergeant hits you with a +0 glaive!
* * * LOW HITPOINT WARNING * * *
You hit the gnoll sergeant but do no damage.
The gnoll sergeant is severely wounded.
The gnoll sergeant hits you with a +0 glaive!
You die...

♣.♣ ♣♣.♣♣
♣♣.∩.♣♣♣♣
♣♣♣♣.......♣♣
♣♣♣..)........♣♣
♣♣..)....).......
♣♣≈≈≈≈≈≈≈.[.≈≈≈≈≈≈
♣≈≈.)))...........
♣≈.....@g.........
♣≈.######'''######
♣≈. #...# ♣≈#
#...# ♣≈ #.).#
##[## #[[[#
#..g..# #...(...#


You could see a gnoll sergeant.

Vanquished Creatures
  Sigmund (D:2)
  Edmund (D:5)
  A water moccasin (D:5)
  Duvessa (D:4)
  An ice beast (D:7)
  3 ogres
  2 centaurs
  A necrophage (D:6)
  3 wolves (Bailey)
  A phantom (D:6)
  Blork the orc (D:4)
  A scorpion (D:6)
  3 gnoll sergeants (Bailey)
  Dowan (D:4)
  11 wights
  2 howler monkeys
  A crimson imp (D:5)
  2 centaur zombies
  6 hounds
  A bullfrog skeleton (D:4)
  6 gnoll shamans
  3 jellies
  2 orc priests
  Terence (D:1)
  5 orc wizards
  3 iguanas
  A hound zombie (D:5)
  5 adders
  16 gnolls
  A howler monkey skeleton (D:6)
  2 ufetubi
  An adder zombie (D:5)
  An adder skeleton (D:4)
  2 worms
  3 dart slugs
  13 orcs
  6 endoplasms
  5 giant cockroaches
  11 goblins
  8 hobgoblins
  4 jackals (D:1)
  3 quokkas
  9 ball pythons
  4 bats (D:1)
  2 kobolds
  5 rats
166 creatures vanquished.

Vanquished Creatures (others)
  An orc (D:6)
1 creature vanquished.

Grand Total: 167 creatures vanquished

Notes
Turn   | Place    | Note
-------+----------+-------------------------------------------
     0 | D:1      | enile the Minotaur Wanderer began the quest for the Orb.
     0 | D:1      | enile set off with the following items: a +0 hand crossbow,
                  | 26 bolts, a +0 ring mail; and the following spell
                  | memorised: Sting; and the following spells available to
                  | memorise: Wereblood, Petrify
     0 | D:1      | Reached XP level 1. HP: 16/16 MP: 1/1
   112 | D:1      | Reached XP level 2. HP: 21/23 MP: 2/2
   343 | D:1      | Reached skill level 2 in Fighting
   366 | D:1      | Got the Handbook of Arcane Weapons
   726 | D:1      | Reached XP level 3. HP: 30/30 MP: 3/3
   956 | D:2      | Reached skill level 3 in Fighting
  1174 | D:2      | Noticed Terence
  1177 | D:2      | Noticed Sigmund
  1314 | D:2      | Killed Sigmund
  1315 | D:2      | Reached skill level 4 in Fighting
  1315 | D:2      | Reached skill level 5 in Fighting
  1315 | D:2      | Reached XP level 4. HP: 3/42 MP: 4/4
  1315 | D:2      | Reached XP level 5. HP: 3/48 MP: 5/5
  1706 | D:1      | Killed Terence
  1707 | D:1      | Reached skill level 1 in Throwing
  2129 | D:2      | Found a faded altar of an unknown god.
  2138 | D:2      | Prayed at the altar of an unknown god.
  2138 | D:2      | Became a worshipper of the Shining One
  2138 | D:2      | Reached * piety under the Shining One
  2540 | D:3      | Reached XP level 6. HP: 55/56 MP: 6/6
  3285 | D:4      | Found a radiant altar of Vehumet.
  3408 | D:4      | Noticed Blork the orc
  3419 | D:4      | Killed Blork the orc
  3420 | D:4      | Reached skill level 6 in Fighting
  3672 | D:4      | Found a broken altar of Ashenzari.
  3922 | D:4      | Reached XP level 7. HP: 45/63 MP: 7/7
  4272 | D:4      | Reached skill level 1 in Maces & Flails
  4337 | D:4      | Found an iron altar of Okawaru.
  4463 | D:5      | Entered Level 5 of the Dungeon
  4463 | D:5      | Noticed Edmund
  4463 | D:5      | Noticed Duvessa
  4463 | D:5      | Noticed Dowan
  4469 | D:4      | Killed Duvessa
  4479 | D:4      | HP: 2/63 [Dowan/stone arrow (7)]
  4481 | D:4      | Killed Dowan
  4913 | D:5      | Killed Edmund
  4914 | D:5      | Reached skill level 7 in Fighting
  5090 | D:5      | Found a staircase to the Ecumenical Temple.
  5119 | D:5      | Reached skill level 1 in Stealth
  5119 | D:5      | Reached XP level 8. HP: 14/73 MP: 8/8
  5126 | D:5      | HP: 5/109 [poisoned by a water moccasin]
  5453 | D:5      | Reached ** piety under the Shining One
  5544 | D:5      | Found a shimmering altar of Xom.
  5545 | D:5      | Found a burning altar of Makhleb.
  5779 | D:5      | Found Apypteul's Armour Emporium.
  5782 | D:5      | Bought a +0 cloak for 54 gold pieces
  5942 | D:6      | Reached skill level 8 in Fighting
  5963 | D:6      | Reached skill level 5 in Throwing
  5964 | D:6      | Reached skill level 1 in Invocations
  6766 | D:6      | Found a hazy altar of Hepliaklqana.
  6955 | D:6      | Reached skill level 5 in Invocations
  6955 | D:6      | Reached XP level 9. HP: 52/81 MP: 11/11
  7565 | D:7      | Found an opulent altar of Gozag.
  7624 | D:7      | Found a shadowy altar of Dithmenos.
  7667 | D:7      | Reached *** piety under the Shining One
  8443 | D:7      | Found an ornate altar of the Wu Jian Council.
  8451 | D:7      | Reached skill level 9 in Fighting
  9033 | D:7      | Reached skill level 10 in Fighting
  9274 | D:8      | Found a flagged portal.
  9289 | Bailey   | Entered a bailey
  9293 | Bailey   | Reached skill level 5 in Armour
  9545 | Bailey   | Reached skill level 5 in Maces & Flails
  9881 | Bailey   | Slain by a gnoll sergeant

Illustrated notes

Levels and vault maps discovered:
D:1:      dpeg_arrival_line_fractal, layout_basic, serial_park_tiny_2
D:2:      layout_basic, hellmonk_ecumenical_altar_run_dry, uniq_terence,
          uniq_sigmund
D:3:      layout_loops_cross
D:4:      layout_loops_ring, mainiacjoe_overflow_alcove_2, kennysheep_mini_moat,
          mainiacjoe_overflow_six_doors_small, uniq_blork_the_orc
D:5:      layout_rooms, grunt_temple_overflow_champion_of_chaos,
          minmay_temple_entry_antechambers, serial_shops, shop, uniq_edmund,
          uniq_duvessa
D:6:      layout_loops_ring, mainiacjoe_overflow_boulevard
D:7:      layout_basic, nzn_wu_jian_council_hall,
          nicolae_dithmenos_the_darkroom, nicolae_gozag_seed_capital,
          mrwooster_statue_mirror, minmay_fractal_squares_5
D:8:      layout_gridville, enter_bailey_5, st_stairs_1, minmay_fire_ice_demons
Bailey:   bailey_polearm_gnolls_kennysheep, bailey

Skill      XL: |  1  2  3  4  5  6  7  8  9 |
---------------+----------------------------+-----
Fighting       | 2 5 6 7 8 10 | 10.0
Armour         | 4 6 |  6.0
Throwing       | 1 3 4 5 |  5.5
Maces & Flails | 4 6 |  6.0
Stealth        | 1 3 |  3.0
Invocations    | 5 |  5.0
Crossbows      | |  2.4
Spellcasting   | |  1.1
Transmutations | |  4.2

Action                   |  1- 3 |  4- 6 |  7- 9 || total
-------------------------+-------+-------+-------++-------
Melee: Whip              |    21 |       |       ||    21
       Headbutt          |     3 |    18 |    58 ||    79
       Flail             |       |    63 |   180 ||   243
       Scythe            |       |     6 |       ||     6
       Great mace        |       |    13 |    43 ||    56
       Punch             |       |     1 |     2 ||     3
 Fire: Hand crossbow     |    87 |       |       ||    87
Throw: Dart              |     2 |       |    10 ||    12
       Javelin           |       |     3 |    13 ||    16
       Throwing net      |       |       |     1 ||     1
Invok: Divine Shield     |       |     1 |     3 ||     4
Evoke: Wand              |       |       |    13 ||    13
  Use: Scroll            |     1 |     1 |     1 ||     3
       Potion            |       |     2 |     3 ||     5
Armor: Ring mail         |    16 |    43 |    52 ||   111
       Chain mail        |       |       |   110 ||   110
Dodge: Dodged            |    23 |    52 |   123 ||   198
Block: Other             |       |       |     5 ||     5

Table legend: (Time is in decaauts)
 A = Elapsed time spent in this place.
 B = Non-inter-level travel time spent in this place.
 C = Inter-level travel time spent in this place.
 D = Time resting spent in this place.
 E = Time spent auto-exploring this place.
 F = Levels seen in this place.
 G = Mean time per level.
                   A        B        C        D        E       F      G
               +--------+--------+--------+--------+--------+-----+--------+
         Total |  10018 |   9785 |    233 |   1414 |   6675 |   9 | 1113.1 |
       Dungeon |   9421 |   9188 |    233 |   1304 |   6622 |   8 | 1177.6 |
        Bailey |    597 |    597 |      0 |    110 |     53 |   1 |  597.0 |
               +--------+--------+--------+--------+--------+-----+--------+

Top non-repeatable levels by time:
     D:4: 1890 daAuts
     D:6: 1764 daAuts
     D:5: 1367 daAuts
     D:1: 1323 daAuts
     D:7: 1237 daAuts
     D:2: 996 daAuts
     D:3: 784 daAuts
  Bailey: 597 daAuts
     D:8: 57 daAuts
